Map: Gresvan LE

Players

Kelazhur - Winner!

  • Race: Terran Terran
  • League: Grandmaster
  • Spawn Location: 5:00

TheCowboy

  • Race: Protoss Protoss
  • League: Master
  • Spawn Location: 11:00

VOD

Have the link to the VOD?

Description

Time

  • Played on: March 30, 2023, 8:51 a.m.
  • Length: 7:39
Show
View Real Time Build Order
Export as new Build Order

Kelazhur Terran - Winner!

Build Orders: 1/1/1 

Get SALT Encoding   

  12  0:00  SCV  
  13  0:12  SCV  
  14  0:17  Supply Depot  
  14  0:24  SCV  
  15  0:38  SCV  
  15  0:39  Barracks  
  16  0:42  Refinery  
  16  0:50  SCV  
  16  0:52  Refinery  
  17  1:02  SCV  
  18  1:14  SCV  
  19  1:26  Reaper  
  19  1:27  Orbital Command  
  19  1:29  Supply Depot  
  20  1:40  Factory  
  20  1:53  SCV  
  21  1:58  Barracks Reactor  
  21  2:05  SCV  
  22  2:15  Command Center  
  22  2:19  SCV  
  23  2:29  Starport  
  23  2:31  SCV  
  23  2:35  Widow Mine  
  26  2:41  Supply Depot  
  26  2:43  SCV  
  27  2:48  Marine x2  
  29  2:55  SCV  
  30  3:03  Widow Mine  
  30  3:05  Medivac  
  34  3:07  SCV  
  34  3:08  Marine x2  
  37  3:19  SCV  
  38  3:25  Marine  
  38  3:27  Marine  
  39  3:29  Factory Tech Lab  
  39  3:30  Orbital Command  
  39  3:31  SCV  
  39  3:34  Barracks  
  41  3:40  Starport Tech Lab  
  41  3:43  Marine  
  41  3:44  Marine  
  41  3:45  SCV  
  44  3:50  Siege Tank  
  44  3:55  Supply Depot, SCV  
  48  4:00  SCV  
  49  4:05  Raven  
  49  4:07  SCV  
  52  4:12  SCV  
  51  4:19  SCV  
  53  4:24  SCV  
  53  4:27  Siege Tank  
  53  4:28  Barracks Tech Lab  
  53  4:30  Barracks  
  54  4:31  Marine  
  54  4:32  SCV  
  54  4:36  SCV  
  54  4:37  Supply Depot  
  57  4:42  Marine  
  57  4:44  SCV  
  59  4:47  Refinery  
  59  4:48  SCV, Engineering Bay  
  59  4:52  Marine x2, Stimpack  
  61  4:58  Refinery  
  61  4:59  SCV  
  63  5:00  Supply Depot  
  63  5:01  SCV  
  64  5:11  Bunker, SCV  
  64  5:12  Marine  
  64  5:13  SCV  
  67  5:17  Siege Tank  
  70  5:23  SCV  
  70  5:25  SCV  
  70  5:26  Marine, Marauder  
  74  5:35  SCV  
  68  5:37  Marine  
  68  5:38  SCV, Starport Reactor, Marauder  
  68  5:39  Bunker  
  68  5:40  Combat Shield  
  72  5:46  Marine  
  72  5:47  SCV, Supply Depot  
  74  5:59  Marauder  
  74  6:01  Marine  
  74  6:02  Marauder  
  76  6:06  SCV, Supply Depot  
  76  6:08  Marine  
  76  6:09  Siege Tank  
  81  6:14  SCV  
  81  6:15  Supply Depot  
  82  6:18  Medivac x2  
  86  6:27  Marine  
  86  6:28  Marauder x2  
  86  6:29  Supply Depot  
  86  6:32  Marine  
  91  6:40  Supply Depot  
  91  6:41  Command Center  
  91  6:42  Siege Tank  
  91  6:45  Marine  
  91  6:48  Concussive Shells  
  91  6:49  Marauder  
  91  6:50  SCV  
  93  6:57  Marauder  
  93  7:02  Marine  
  93  7:03  Marine  
  93  7:05  SCV x2  
  95  7:11  Marauder  
  99  7:18  Marine  
  99  7:20  Marine  
  99  7:21  SCV x2  
Show
View Real Time Build Order
Export as new Build Order

TheCowboy Protoss 

Build Orders: 1 Gate Expand, Blink Stalkers 

Get SALT Encoding   

  12  0:00  Probe  
  13  0:12  Probe  
  14  0:17  Pylon  
  14  0:24  Probe  
  15  0:36  Probe (Chrono Boost)  
  15  0:37  Gateway  
  16  0:47  Probe (Chrono Boost), Assimilator  
  17  0:52  Probe (Chrono Boost)  
  18  1:03  Probe  
  19  1:15  Probe  
  20  1:24  Cybernetics Core  
  20  1:34  Nexus  
  20  1:40  Pylon  
  20  1:43  Probe  
  21  1:48  Assimilator  
  21  1:55  Probe  
  21  1:58  Adept (Chrono Boost)  
  24  2:02  Warp Gate  
  24  2:07  Probe  
  25  2:18  Adept (Chrono Boost)  
  25  2:19  Probe  
  28  2:25  Twilight Council  
  28  2:34  Probe  
  29  2:44  Adept  
  29  2:46  Probe  
  29  2:48  Shield Battery  
  32  2:52  Probe  
  32  2:56  Gateway  
  32  2:58  Blink (Chrono Boost)  
  33  3:04  Probe  
  35  3:09  Probe  
  35  3:16  Probe  
  36  3:21  Robotics Facility, Probe  
  37  3:28  Probe  
  37  3:32  Gateway  
  37  3:33  Probe  
  39  3:39  Pylon  
  39  3:41  Probe  
  40  3:45  Probe  
  41  3:50  Stalker  
  41  3:52  Stalker  
  41  3:54  Probe  
  46  3:58  Probe  
  47  4:06  Pylon, Probe  
  48  4:10  Probe  
  49  4:18  Probe  
  51  4:27  Stalker x3  
  54  4:31  Warp Prism (Chrono Boost)  
  56  4:39  Pylon  
  56  4:50  Stalker x3  
  62  5:03  Nexus  
  62  5:06  Pylon  
  62  5:09  Observer  
  64  5:16  Stalker x2  
  63  5:23  Stalker  
  56  5:36  Probe (Chrono Boost)  
  58  5:44  Zealot, Assimilator  
  58  5:45  Probe (Chrono Boost)  
  58  5:46  Stalker, Probe (Chrono Boost)  
  58  5:47  Zealot  
  65  5:51  Probe (Chrono Boost)  
  65  5:52  Probe  
  61  6:03  Probe  
  58  6:04  Probe  
  59  6:12  Stalker x2  
  59  6:15  Probe  
  59  6:16  Probe x2  
  59  6:17  Stalker  
  67  6:27  Probe  
  67  6:28  Probe x2  
  70  6:37  Pylon  
  71  6:40  Stalker, Probe x3 (Chrono Boost)  
  71  6:41  Stalker  
  77  6:51  Probe (Chrono Boost)  
  77  6:52  Probe x2 (Chrono Boost), Gateway  
  78  6:56  Gateway  
  78  7:00  Probe  
  78  7:01  Zealot  
  83  7:09  Sentry  
  83  7:10  Zealot  
  87  7:20  Shield Battery  
  83  7:25  Pylon  
  83  7:30  Zealot x2  
  83  7:33  Stalker  
Tags
 
Add a new tag
Caveats
  • Supply blocks, unpowered buildings, or Contaminate may cause inaccurate times.
  • Supply counts are checked every 10 seconds.